 Dungeon Crawl Stone Soup version 0.28-a0-969-g2dcde036d2 (webtiles) character file.

Game seed: 14511812450710273619

2 Decritt the Skirmisher (level 1, -2/18 HPs)
             Began as a Demonspawn Abyssal Knight on Dec 1, 2021.
             Was an Initiate of Lugonu.
             Slain by a gnoll (9 damage)
             ... on level 1 of the Dungeon.
             The game lasted 00:01:05 (416 turns).

Decritt the Skirmisher (Demonspawn Abyssal Knight)   Turns: 416, Time: 00:01:06

Health: -2/18      AC:  3    Str: 13    XL:     1   Next: 33%
Magic:  2/2        EV: 11    Int: 11    God:    Lugonu [......]
Gold:   0          SH:  0    Dex: 13    Spells: 0/0 levels left

rFire   . . .      SeeInvis .   a - +1 falchion
rCold   . . .      Faith    .   (no shield)
rNeg    . . .      Spirit   .   b - +0 leather armour
rPois   .          Reflect  .   (no helmet)
rElec   .          Harm     .   (no cloak)
rCorr   .          Rampage  .   (no gloves)
Will    .....                   (no boots)
Stlth   +.........              (no amulet)
HPRegen 0.06/turn               (no ring)
MPRegen 0.08/turn               (no ring)

@: no status effects
A: no striking features
a: Renounce Religion


You were on level 1 of the Dungeon.
You worshipped Lugonu.
Lugonu was noncommittal.
You visited 1 branch of the dungeon, and saw 1 of its levels.
You visited the Abyss 1 time.

Inventory:

Hand Weapons
 a - a +1 falchion (weapon)
Armour
 b - a +0 leather armour (worn)
Potions
 c - a potion of curing {unknown}


   Skills:
 * Level 3.0 Fighting
 + Level 1.8 Long Blades
 + Level 1.8 Armour
 + Level 0.9 Dodging
 + Level 2.4 Invocations


You couldn't memorise any spells.
You didn't know any spells.
Your spell library was empty.

Dungeon Overview and Level Annotations

Branches:
Dungeon (1/15)

Altars:


Message History

You open the door.
There is an open door here.
You open the door.
There is an open door here.
A goblin comes into view. It is wielding a +0 dagger.
The goblin shouts!
The goblin hits you with a +0 dagger.
You hit the goblin.
You kill the goblin!
Lugonu accepts your kill.
Things that are here:
a +0 dagger; a goblin corpse A rat comes into view.
A bat comes into view.
Found a fuming ruby potion.
Found a stone staircase leading down.
The bat hits you but does no damage.
Found a hand axe.
The bat barely misses you.
You slash the bat!
You kill the bat!
Lugonu accepts your kill.
Found 21 bolts.
The rat barely misses you.
You slash the rat!
You kill the rat!
Lugonu accepts your kill.
No target in view!
No target in view!
c - a fuming ruby potion You open the door.
There is an open door here.
You open the door.
A gnoll comes into view. It is wielding a +0 flail.
The gnoll shouts!
The gnoll hits you with a +0 flail.
You closely miss the gnoll. The gnoll hits you with a +0 flail!
* * * LOW HITPOINT WARNING * * *
You slash the gnoll!
The gnoll is heavily wounded.
The gnoll hits you with a +0 flail!
Ouch! That really hurt!
You die...

....)..#.# #.......#.#
#.####.#.# #....(..#.#
#.####...###...)...#.#
#...##.............#.#
.#.###.............#.#
...# #.........#####.#
#'## #........>......#
#.#
#.####....#######.#
#.# #.. #.....@g.....#
#.#
#...............###
#.# #...............#
#.# ..............#
#.# .....##+####.##
#.# ..... .# #'###
#.### # ....# ....#


You could see a gnoll.

Vanquished Creatures
  A goblin (D:1)
  A bat (D:1)
  A rat (D:1)
3 creatures vanquished.

Vanquished Creatures (others)
  6 starspawn tentacles (Abyss:1)
6 creatures vanquished.

Grand Total: 9 creatures vanquished

Notes
Turn   | Place    | Note
-------+----------+-------------------------------------------
     0 | Abyss:1  | Decritt the Demonspawn Abyssal Knight began the quest for
                  | the Orb.
     0 | Abyss:1  | Reached XP level 1. HP: 18/18 MP: 2/2
    58 | Abyss:1  | Noticed a glowing orange brain
   108 | Abyss:1  | Noticed a tentacled starspawn
   117 | Abyss:1  | Noticed a tormentor
   134 | D:1      | Escaped the Abyss
   416 | D:1      | Slain by a gnoll

Illustrated notes

Levels and vault maps discovered:
D:1:      elethiomel_arrival_fortress_basement, layout_basic,
          minmay_tromino_v4_c

Action                   || total
-------------------------++-------
Melee: Falchion          ||     5
Invok: Depart the Abyss  ||     1
Armor: Leather armour    ||     1
Dodge: Dodged            ||     2

Table legend: (Time is in decaauts)
 A = Elapsed time spent in this place.
 B = Non-inter-level travel time spent in this place.
 C = Inter-level travel time spent in this place.
 D = Time resting spent in this place.
 E = Time spent auto-exploring this place.
 F = Levels seen in this place.
 G = Mean time per level.
                   A        B        C        D        E       F      G
               +--------+--------+--------+--------+--------+-----+--------+
         Total |    416 |    416 |      0 |     12 |    295 |   2 |  208.0 |
       Dungeon |    282 |    282 |      0 |     12 |    251 |   1 |  282.0 |
         Abyss |    134 |    134 |      0 |      0 |     44 |   1 |  134.0 |
               +--------+--------+--------+--------+--------+-----+--------+

Top non-repeatable levels by time:
     D:1: 282 daAuts
 Abyss:1: 134 daAuts
